 Dungeon Crawl Stone Soup version 0.31-a0-344-gd109795599 (webtiles) character file.

Game seed: 4179876151823683065

21188 Newt the Carver (level 12, -2/85 (95) HPs)
             Began as a Merfolk Fighter on July 21, 2023.
             Was an Elder of Makhleb.
             Engulfed by a death drake's foul pestilence (6 damage)
             ... in a Gauntlet.
             The game lasted 00:23:43 (15537 turns).

Newt the Carver (Merfolk Fighter)                  Turns: 15537, Time: 00:23:43

HP:   -2/85 (95)    AC: 16    Str: 20    XL:     12   Next: 87%
MP:   19/19         EV: 16    Int:  4    God:    Makhleb [****..]
Gold: 1057          SH: 15    Dex: 24    Spells: 11/11 levels left

rFire   + . .        a - +1 long sword (drain)
rCold   + + .        B - +3 kite shield {AC+3}
rNeg    . . .        L - +2 scale mail {rF+}
rPois   .            g - +0 helmet
rElec   .            y - scarf {repulsion}
rCorr   .            F - +2 pair of gloves of the Transparent God {rC++}
SInv    +            (no boots)
Will    .....        w - amulet "Kustieqa" {RegenMP Str+4 Int-3 Dex+5}
Stlth   +            s - ring of see invisible
HPRegen 0.34/turn    (no ring)
MPRegen 0.56/turn

%: no teleportation, repel missiles
@: lethally poisoned (-2 -> -19), slowed, studying Ranged Weapons, heavily
drained, very slow
A: (nimble swimmer 2), mertail
a: Renounce Religion, Minor Destruction, Lesser Servant of Makhleb, Major
Destruction


You were in a Gauntlet.
You worshipped Makhleb.
Makhleb was greatly pleased with you.
You visited 3 branches of the dungeon, and saw 14 of its levels.
You also visited: Bailey, Gauntlet and Volcano.

You collected 1258 gold pieces.
You spent 201 gold pieces at shops.

Inventory:

Hand Weapons
 a - a +1 long sword of draining (weapon)
 b - the +1 sling "Quohypsu" {heavy, rElec rCorr}
   (You bought it in a shop on level 7 of the Dungeon)

   rElec:     It insulates you from electricity.
   rCorr:     It protects you from acid and corrosion.
 v - a +3 scimitar of flaming
 E - the +8 battleaxe of Honour {freeze, Int+4 Dex-4}
   (You found it in a bailey)

   Int:       It affects your intelligence (+4).
   Dex:       It affects your dexterity (-4).
 Q - a +1 vampiric demon trident
Missiles
 e - 14 boomerangs
Armour
 c - a +1 buckler
 g - a +0 helmet (worn)
 j - a scarf of invisibility
 l - a +0 cloak
 y - a scarf of repulsion (worn)
 A - a +0 scale mail
 B - a +3 kite shield of protection (worn)
 F - the +2 pair of gloves of the Transparent God (worn) {rC++}
   (You acquired it in a bailey)

   rC:        It greatly protects you from cold.
 I - the +0 buckler "Kihuk" {Regen+}
   (You found it on level 8 of the Dungeon)

   Regen:     It increases your rate of health regeneration.
 L - a +2 scale mail of fire resistance (worn)
 M - a +0 cloak of fire resistance
 P - a +0 scale mail of cold resistance
Jewellery
 r - an amulet of magic regeneration
 s - a ring of see invisible (left hand)
 w - the amulet "Kustieqa" (around neck) {RegenMP Str+4 Int-3 Dex+5}
   (You found it on level 5 of the Dungeon)

   [amulet of magic regeneration]

   It increases your rate of magic regeneration.
   Str:       It affects your strength (+4).
   Int:       It affects your intelligence (-3).
   Dex:       It affects your dexterity (+5).
 R - a ring of poison resistance
Wands
 p - a wand of paralysis (14)
 z - a wand of iceblast (3)
 J - a wand of mindburst (6)
 O - a wand of acid (1)
Scrolls
 d - a scroll of enchant armour
 n - 2 scrolls of brand weapon
 o - 10 scrolls of teleportation
 q - 3 scrolls of enchant weapon
 x - a scroll of blinking
 D - a scroll of fog {unknown}
 G - a scroll of revelation
 H - a scroll of butterflies {unknown}
 K - a scroll of poison {unknown}
 S - a scroll of fear {unknown}
Potions
 f - a potion of berserk rage
 h - 2 potions of ambrosia
 i - 2 potions of enlightenment
 k - 3 potions of mutation
 m - 2 potions of attraction
 u - a potion of resistance
 C - 2 potions of invisibility {unknown}
 N - 2 potions of haste {unknown}


   Skills:
 - Level 9.0 Fighting
 - Level 13.0 Long Blades
 - Level 5.0 Ranged Weapons
 - Level 4.0 Armour
 - Level 10.0 Dodging
 - Level 6.0 Shields
 - Level 10.0 Invocations
 + Level 8.4 Evocations


You had 11 spell levels left.
You didn't know any spells.
Your spell library contained the following spells:

 Spells                   Type           Power      Damage    Failure   Level
 Magic Dart               Conj           0%         1d3       98%         1
 Slow                     Hex            0%         N/A       98%         1
 Call Imp                 Summ           0%         N/A       99%         2
 Cigotuvi's Dreadful Rot  Necr/Pois/Air  0%         N/A       99%         2
 Lesser Beckoning         Tloc           0%         N/A       99%         2
 Confusing Touch          Hex            0%         N/A       100%        3
 Gell's Gravitas          Tloc           0%         N/A       100%        3
 Hailstorm                Conj/Ice       0%         3d3       100%        3
 Ignite Poison            Fire/Tmut/Pois 0%         N/A       100%        3
 Mephitic Cloud           Conj/Pois/Air  0%         N/A       100%        3
 Teleport Other           Tloc           0%         N/A       100%        3
 Vampiric Draining        Necr           0%         2d6       100%        3
 Olgreb's Toxic Radiance  Pois           0%         N/A       100%        4
 Summon Ice Beast         Ice/Summ       0%         N/A       100%        4
 Freezing Cloud           Conj/Ice/Air   0%         6-21      100%        5
 Simulacrum               Ice/Necr       0%         N/A       100%        6
 Haunt                    Necr/Summ      0%         N/A       100%        7
 Borgnjor's Revivificati  Necr           0%         N/A       100%        8
 Discord                  Hex            0%         N/A       100%        8
 Ignition                 Fire           0%         3d3       100%        8
 Death's Door             Necr           0%         N/A       100%        9


Dungeon Overview and Level Annotations

Branches:
Dungeon (11/15)            Temple (1/1) D:7            Lair (2/5) D:8
 Spider (0/4) Lair:2          Orc (0/2) D:11         Bailey (visited)
Volcano (visited)         Gauntlet (1/1)
  Swamp: Lair:2-3    Shoals: Lair:2-3

Altars:
Ashenzari
Cheibriados
Dithmenos
Elyvilon
Fedhas
Gozag
Hepliaklqana
Kikubaaqudgha
Makhleb
Nemelex Xobeh
Okawaru
Qazlal
Sif Muna
Trog
Uskayaw
Vehumet
Wu Jian
Xom
Yredelemnul
Zin
The Shining One

Shops:
D:6 (   D:7 (

Annotations:
Temple 2 transporters Gauntlet 9 transporters


Innate Abilities, Weirdness & Mutations

((You are very nimble when in or above water. (Stealth+, EV+, Speed+++)))
Your lower body shifts to a powerful aquatic tail in water.


Message History

The spectral centaur warrior barely misses you.
The spectral centaur warrior kicks you but does no damage.
The death drake bites you but does no damage.
Unknown command.
Blink to where?
Press: ? - help, Dir - move target, p - spectral centaur warrior
As you read the scroll of blinking, it crumbles to dust.
You are engulfed in dark miasma.
You are lethally poisoned!
* * * LOW HITPOINT WARNING * * *
x2 You feel extremely sick.
You block the death drake's attack.
You block the spectral centaur warrior's attack.
The spectral centaur warrior misses you.
Unknown command.
The death drake attacks as you move away!
You block the death drake's attack.
* * * LOW HITPOINT WARNING * * *
You feel very sick.
The wolf spider zombie barely misses you.
The wolf spider zombie closely misses you.
Unknown command.
Unknown command.
You feel better.
You block the spectral centaur warrior's attack. x2
The death drake breathes miasma at you.
The foul vapour engulfs the spectral centaur warrior.
The spectral centaur warrior completely resists.
You block the wolf spider zombie's attack. x2
The spectral centaur warrior hits you but does no damage.
The spectral centaur warrior kicks you but does no damage.
The wolf spider zombie attacks as you move away!
The wolf spider zombie hits you!
* * * LOW HITPOINT WARNING * * *
The wolf spider zombie bites you.
* * * LOW HITPOINT WARNING * * *
You are engulfed in dark miasma.
You are lethally poisoned!
You feel yourself slow down.
You die...

##≈.#E###...#..###≈##
#≈≈.#########...#≈≈≈#
##≈....#©..8#...#...#
##..8.#...©#.8.#...#
##≈....#©..8#.⌠.#.8.##.
#≈≈.#########.8.#.©....
##≈.#$..©##.#...#.8.##.
##.##?.##..#...#.©.#
##≈.###@#○..#.8.#.8.##.
#≈≈.#°##○##k#.∩.#.©....
##≈.#○kZ#Z###.8.#.8.##.
##.#○○##..##...#.©.#
##≈.#○##....#...#.8.##.
#≈≈.#########.8.#.©....
##≈....#©..8#.⌠.#.8.##.
##..8.#...©#.8.#...#
##≈....#©..8#...#...#


You could see a death drake and a wolf spider zombie.

Vanquished Creatures
  A stone giant (Volcano)
  2 two-headed ogres
  A sixfirhy (Gauntlet)
  Amaemon (D:8)
  Lodul (D:11)
  2 orc knights (Bailey)
  A centaur zombie (Gauntlet)
  3 gargoyles
  An orange demon (D:8)
  2 molten gargoyles (Volcano)
  A cane toad (Lair:1)
  A smoke demon (Gauntlet)
  An unseen horror (D:10)
  2 kobold demonologists (Bailey)
  5 komodo dragons
  An efreet (Volcano)
  A red devil (Gauntlet)
  2 trolls
  A polar bear (Lair:1)
  2 shadows (D:11)
  3 wyverns
  3 wraiths
  2 humans (D:8)
  19 yaks
  2 fire bats (Volcano)
  A basilisk (Lair:1)
  A fire elemental (Volcano)
  2 water moccasins (Lair:1)
  An acid dragon (D:10)
  An ice beast (D:6)
  9 orc warriors
  2 sky beasts
  A swamp drake (D:11)
  A black bear (Lair:1)
  15 ogres
  3 centaurs
  3 phantoms
  A kobold brigand (D:10)
  6 bullfrogs
  A gnoll sergeant (D:6)
  2 scorpions
  2 earth elementals (Volcano)
  8 killer bees
  9 howler monkeys
  5 electric eels (Bailey)
  5 lava snakes (Volcano)
  2 crimson imps (Gauntlet)
  2 hounds (D:5)
  A jelly (D:8)
  6 orc priests
  A gnoll bouda (D:7)
  Jessica (D:3)
  2 iguanas
  5 orc wizards
  3 sleepcaps
  Robin (D:3)
  21 gnolls
  4 adders
  5 ufetubi
  2 worms
  A dart slug (D:1)
  69 orcs
  9 ball pythons
  9 endoplasms
  3 giant cockroaches
  24 goblins
  15 hobgoblins
  9 jackals
  15 kobolds
  6 quokkas
  6 bats
  4 frilled lizards (D:1)
  7 rats
373 creatures vanquished.

Notes
Turn   | Place    | Note
-------+----------+-------------------------------------------
     0 | D:1      | Newt the Merfolk Fighter began the quest for the Orb.
     0 | D:1      | Reached XP level 1. HP: 18/18 MP: 1/1
   172 | D:1      | Reached XP level 2. HP: 21/25 MP: 2/2
   239 | D:1      | Reached skill level 1 in Dodging
   350 | D:1      | Reached XP level 3. HP: 30/30 MP: 3/3
  1160 | D:2      | Found a shimmering altar of Xom.
  1247 | D:2      | Reached XP level 4. HP: 37/37 MP: 4/4
  2240 | D:3      | Noticed Robin
  2274 | D:3      | Killed Robin
  2275 | D:3      | Reached skill level 3 in Long Blades
  2277 | D:3      | Noticed Jessica
  2279 | D:3      | Reached XP level 5. HP: 35/42 MP: 5/5
  2280 | D:3      | Killed Jessica
  3263 | D:4      | Reached skill level 4 in Long Blades
  3355 | D:4      | Reached skill level 5 in Long Blades
  3355 | D:4      | Reached XP level 6. HP: 49/49 MP: 6/6
  3776 | D:4      | Reached skill level 5 in Fighting
  3963 | D:5      | Entered Level 5 of the Dungeon
  4191 | D:4      | Reached XP level 7. HP: 52/58 MP: 7/7
  4363 | D:5      | Identified the amulet "Kustieqa" {RegenMP Str+4 Int-3
                  | Dex+5}
  4576 | D:5      | Reached XP level 8. HP: 39/64 MP: 8/8
  4760 | D:5      | Found an opulent altar of Gozag.
  4867 | D:5      | Reached skill level 6 in Long Blades
  5163 | D:6      | Found Ytill's Weapon Emporium.
  5220 | D:6      | Reached skill level 7 in Long Blades
  5316 | D:6      | Reached skill level 8 in Long Blades
  5316 | D:6      | Reached skill level 5 in Dodging
  5599 | D:6      | Noticed a two-headed ogre
  5607 | D:6      | Reached skill level 1 in Evocations
  5614 | D:6      | Killed a two-headed ogre
  5615 | D:6      | Reached XP level 9. HP: 69/69 MP: 9/9
  5773 | D:6      | Found a shimmering blue altar of Sif Muna.
  5848 | D:6      | Found a radiant altar of Vehumet.
  5987 | D:7      | Found a staircase to the Ecumenical Temple.
  6061 | D:7      | Reached skill level 10 in Dodging
  6621 | D:7      | Reached skill level 9 in Long Blades
  6758 | Temple   | Found a transporter.
  6758 | Temple   | Found a transporter.
  6758 | Temple   | Found a transporter.
  6758 | Temple   | Found a transporter.
  6758 | Temple   | Entered the Ecumenical Temple
  6774 | Temple   | Became a worshipper of Makhleb the Destroyer
  6841 | D:7      | Found Dalire's Antique Weapon Boutique.
  6849 | D:7      | Bought a warped sling for 201 gold pieces
  6849 | D:7      | Identified the +1 sling "Quohypsu" {heavy, rElec rCorr}
                  | (You bought it in a shop on level 7 of the Dungeon)
  6918 | D:8      | Reached skill level 10 in Long Blades
  6930 | D:8      | Reached XP level 10. HP: 42/76 MP: 10/10
  6940 | D:8      | Reached skill level 5 in Shields
  7027 | D:8      | Found a staircase to the Lair.
  7101 | D:8      | Found a flagged portal.
  7126 | Bailey   | Entered a bailey
  7166 | Bailey   | Reached skill level 1 in Ranged Weapons
  7412 | Bailey   | Noticed an orc knight
  7443 | Bailey   | Noticed a kobold demonologist
  7682 | Bailey   | Killed a kobold demonologist
  7764 | Bailey   | Killed an orc knight
  7764 | Bailey   | Reached * piety under Makhleb
  7765 | Bailey   | Reached skill level 5 in Ranged Weapons
  8165 | Bailey   | Noticed an orc knight
  8184 | Bailey   | Killed an orc knight
  8324 | Bailey   | Found an iron altar of Okawaru.
  8327 | Bailey   | Noticed a kobold demonologist
  8335 | Bailey   | Noticed an orange demon
  8360 | Bailey   | Noticed an orange demon
  8362 | Bailey   | Killed a kobold demonologist
  8872 | Bailey   | Identified the +8 battleaxe of Honour {freeze, Int+4 Dex-4}
  8938 | Bailey   | Acquired the +2 pair of gloves of the Transparent God
                  | {rC++}
  9002 | D:8      | Noticed an orange demon
  9005 | D:8      | Noticed Amaemon
  9011 | D:8      | Killed an orange demon
  9012 | D:8      | Reached XP level 11. HP: 89/89 MP: 11/11
  9025 | D:8      | Killed Amaemon
  9026 | D:8      | Reached skill level 5 in Evocations
  9372 | D:8      | Found an iron altar of Okawaru.
  9546 | D:8      | Reached ** piety under Makhleb
  9720 | D:8      | Identified the +0 buckler "Kihuk" {Regen+}
  9738 | D:8      | Found an ornate altar of the Wu Jian Council.
  9980 | D:9      | You fall into a shaft and drop 2 floors!
 10010 | D:10     | Entered Level 10 of the Dungeon
 10186 | D:10     | Found a broken altar of Ashenzari.
 10290 | D:10     | Noticed a two-headed ogre
 10303 | D:10     | Killed a two-headed ogre
 10304 | D:10     | Reached *** piety under Makhleb
 10769 | D:11     | Reached skill level 11 in Long Blades
 11111 | D:11     | Noticed Lodul
 11143 | D:11     | HP: 6/133 [Lodul/bolt of lightning (19)]
 11363 | D:11     | Reached skill level 12 in Long Blades
 11654 | D:11     | Found a staircase to the Orcish Mines.
 11997 | D:11     | Killed Lodul
 11998 | D:11     | Reached skill level 13 in Long Blades
 11998 | D:11     | Reached XP level 12. HP: 69/95 MP: 12/12
 12252 | Lair:1   | Entered Level 1 of the Lair of Beasts
 12288 | Lair:1   | Reached skill level 1 in Invocations
 12291 | Lair:1   | Reached **** piety under Makhleb
 12396 | Lair:1   | Found a dark tunnel.
 12403 | Volcano  | Entered a volcano
 12987 | Volcano  | Found a bloodstained altar of Trog.
 13015 | Volcano  | Reached skill level 5 in Invocations
 13181 | Volcano  | Noticed a stone giant
 13205 | Volcano  | Killed a stone giant
 14885 | Lair:2   | Found a gate leading to a gauntlet.
 14904 | Gauntlet | Entered a Gauntlet
 14904 | Gauntlet | Found a transporter.
 14990 | Gauntlet | Found a transporter.
 14993 | Gauntlet | Found a transporter.
 14994 | Gauntlet | Found a transporter.
 15002 | Gauntlet | Found a transporter.
 15005 | Gauntlet | Found a transporter.
 15006 | Gauntlet | Found a transporter.
 15015 | Gauntlet | Found a transporter.
 15018 | Gauntlet | Found a transporter.
 15019 | Gauntlet | Found a transporter.
 15027 | Gauntlet | Found a transporter.
 15030 | Gauntlet | Found a transporter.
 15031 | Gauntlet | Found a transporter.
 15036 | Gauntlet | Noticed a hell hog
 15039 | Gauntlet | Found a transporter.
 15330 | Gauntlet | Reached skill level 10 in Invocations
 15537 | Gauntlet | HP: 4/85 [wolf spider zombie (2)]
 15537 | Gauntlet | Engulfed by a death drake's foul pestilence

Illustrated notes

Levels and vault maps discovered:
D:1:      dpeg_arrival_leaves_temple_mockup, layout_basic
D:2:      layout_basic, basic_altar
D:3:      layout_basic, dreamdust_mushroom_princess, minmay_gold_behind_fungi,
          uniq_jessica, uniq_robin
D:4:      layout_loops_corners, minmay_manual_monstrance
D:5:      layout_loops_ring, lemuel_crystal_altar, minivault_4
D:6:      layout_basic, nicolae_sif_muna_little_library,
          overflow_temple_1_default, serial_shops, shop
D:7:      layout_rooms, minmay_temple_entry_junction_2, serial_shops,
          nicolae_square_shop
D:8:      layout_loops_ring, okawaru_humans,
          nicolae_wu_jian_immortal_techniques, special_room [special_room_orc],
          enter_bailey_5, uniq_amaemon
D:9:      layout_loops_ring, mainiacjoe_overflow_chevrons
D:10:     layout_cave_pools, nicolae_ashenzari_panopticon
D:11:     layout_long_grid, erik_orc_1, uniq_lodul
Temple:   hellmonk_temple_divided_pantheon
Lair:1:   layout_cave_pods, enter_volcano_1, grunt_megastairs_2,
          infiniplex_staircase_pool_2
Lair:2:   layout_regular_city, nicolae_spider_entry_non_spiders,
          gauntlet_entry_generic
Gauntlet: gammafunk_gauntlet_77_escape_option [minmay_gauntlet_arena_77_museum,
          minmay_gauntlet_arena_77_braids, minmay_gauntlet_arena_77_fan,
          minmay_gauntlet_arena_77_broken_ladder,
          minmay_gauntlet_arena_77_radiant_squares, gauntlet_exit_hidden_loot]

Skill      XL: |  1  2  3  4  5  6  7  8  9 10 11 12 |
---------------+-------------------------------------+-----
Fighting       | 4 6 9 |  9.0
Dodging        | 2 3 4 9 10 | 10.0
Long Blades    | 3 5 8 10 13 | 13.0
Armour         | 4 |  4.0
Evocations     | 4 8 |  8.4
Shields        | 4 6 |  6.0
Ranged Weapons | 5 |  5.0
Invocations    | 10 | 10.0

Action                     |  1- 3 |  4- 6 |  7- 9 | 10-12 || total
---------------------------+-------+-------+-------+-------++-------
  Melee: Long sword        |   147 |   159 |   245 |   874 ||  1425
         Tailslap          |       |       |       |    10 ||    10
   Fire: Sling             |       |       |       |    51 ||    51
 Invoke: Major Destruction |       |       |       |     1 ||     1
  Evoke: Wand              |       |       |     1 |     4 ||     5
    Use: Scroll            |     5 |     7 |     3 |     8 ||    23
         Potion            |       |     1 |     2 |    11 ||    14
   Stab: Paralysed         |       |       |     7 |       ||     7
 Armour: Scale mail        |    80 |    65 |    41 |   170 ||   356
         Skin              |       |       |       |    11 ||    11
  Dodge: Dodged            |    76 |    97 |   138 |   382 ||   693
         Repelled          |       |       |       |     6 ||     6
  Block: Buckler           |    39 |    51 |    81 |    61 ||   232
         Kite shield       |       |       |       |   515 ||   515

Table legend: (Time is in decaauts)
 A = Elapsed time spent in this place.
 B = Non-inter-level travel time spent in this place.
 C = Inter-level travel time spent in this place.
 D = Time resting spent in this place.
 E = Time spent auto-exploring this place.
 F = Levels seen in this place.
 G = Mean time per level.
                   A        B        C        D        E       F      G
               +--------+--------+--------+--------+--------+-----+--------+
         Total |  15517 |  14874 |    643 |   4205 |   7651 |  17 |  912.8 |
       Dungeon |  10476 |   9941 |    535 |   2218 |   5819 |  11 |  952.4 |
        Temple |     31 |     24 |      7 |      0 |      0 |   1 |   31.0 |
          Lair |   1434 |   1333 |    101 |    164 |    858 |   2 |  717.0 |
        Bailey |   1798 |   1798 |      0 |    867 |    549 |   1 | 1798.0 |
       Volcano |   1177 |   1177 |      0 |    670 |    236 |   1 | 1177.0 |
      Gauntlet |    599 |    599 |      0 |    286 |    188 |   1 |  599.0 |
               +--------+--------+--------+--------+--------+-----+--------+

Top non-repeatable levels by time:
  Bailey: 1798 daAuts
    D:11: 1526 daAuts
  Lair:1: 1410 daAuts
     D:4: 1240 daAuts
 Volcano: 1177 daAuts
     D:8: 1103 daAuts
     D:2: 1083 daAuts
     D:1: 993 daAuts
     D:3: 968 daAuts
     D:5: 965 daAuts
     D:7: 935 daAuts
     D:6: 788 daAuts
    D:10: 705 daAuts
Gauntlet: 599 daAuts
     D:9: 166 daAuts
